 Dungeon Crawl Stone Soup version 0.31-a0-705-ga145531891 (webtiles) character file.

Game seed: 10049837597690221515

1222 randomguy2701 the Cleaver (level 8, -3/70 HPs)
             Began as a Hill Orc Fighter on Sept 9, 2023.
             Succumbed to an orc wizard's poison
             ... on level 6 of the Dungeon.
             The game lasted 00:04:14 (5199 turns).

randomguy2701 the Cleaver (Hill Orc Fighter)        Turns: 5199, Time: 00:04:15

Health: -3/70      AC: 13    Str: 19    XL:     8   Next: 47%
Magic:  8/8        EV: 10    Int:  8    God:
Gold:   288        SH: 10    Dex: 12    Spells: 7/7 levels left

rFire   . . .        a - +0 war axe
rCold   . . .        c - +0 buckler
rNeg    . . .        b - +0 scale mail
rPois   .            w - +2 hat
rElec   .            (no cloak)
rCorr   .            (no gloves)
SInv    .            (no boots)
Will    .....        g - amulet of reflection Stlth
                     s - +4 ring of protection
HPRegen 0.31/turn    (no ring)
MPRegen 0.11/turn

%: reflection
@: lethally poisoned (-3 -> -21)
A: no striking features
a: no special abilities


You were on level 6 of the Dungeon.
You visited 1 branch of the dungeon, and saw 6 of its levels.

You collected 288 gold pieces.

Inventory:

Hand Weapons
 a - a +0 war axe (weapon)
Armour
 b - a +0 scale mail (worn)
 c - a +0 buckler (worn)
 w - a +2 hat (worn)
Jewellery
 g - an amulet of reflection (around neck)
 s - a +4 ring of protection (left hand)
Wands
 q - a wand of paralysis (13)
Scrolls
 f - 2 scrolls of silence {unknown}
 h - 2 scrolls of vulnerability {unknown}
 i - 2 scrolls of identify
 k - 2 scrolls of noise
 m - a scroll of immolation {unknown}
 o - a scroll of teleportation {unknown}
 v - a scroll of enchant armour {unknown}
 y - 2 scrolls of blinking {unknown}
Potions
 d - a potion of might
 e - 3 potions of haste {unknown}
 j - a potion of resistance
 l - a potion of brilliance
 n - 2 potions of curing
 p - a potion of ambrosia
 r - a potion of enlightenment
 t - a potion of degeneration {unknown}
 u - 2 potions of lignification {unknown}
 x - a potion of heal wounds {unknown}
 z - a potion of attraction {unknown}


   Skills:
 + Level 5.7 Fighting
 + Level 8.6 Axes
 + Level 5.6 Armour
 + Level 2.1 Dodging
 + Level 0.5 Stealth
 + Level 5.5 Shields


You had 7 spell levels left.
You didn't know any spells.
Your spell library contained the following spells:

 Spells                   Type           Power      Damage    Failure   Level
 Sublimation of Blood     Necr           0%         N/A       92%         2
 Wereblood                Tmut           0%         N/A       92%         2
 Hailstorm                Conj/Ice       0%         3d3       99%         3
 Summon Ice Beast         Ice/Summ       0%         N/A       100%        4
 Simulacrum               Ice/Necr       0%         N/A       100%        6
 Summon Hydra             Summ           0%         N/A       100%        7


Dungeon Overview and Level Annotations

Branches:
Dungeon (6/15)             Temple (0/1) D:6

Altars:
Dithmenos
Elyvilon
Trog
The Shining One

Shops:
D:6 *


Message History

You are too injured to fight recklessly!
There are monsters nearby!
Unknown command.
You closely miss the orc.
You feel very sick. The orc closely misses you.
You barely miss the orc.
You feel sick. The orc closely misses you. The orc hits you but does no damage.
You slash the orc!
You kill the orc!
You feel sick.
You closely miss something.
You feel sick.
You hear some strange, mumbled words.
A puff of flame appears from out of thin air!
The puff of flame hits you!
* * * LOW HITPOINT WARNING * * *
You miss something.
You feel sick. Something hits you.
* * * LOW HITPOINT WARNING * * *
You are more poisoned.
You closely miss something.
You feel sick. Something hits you but does no damage.
You barely miss something.
You feel sick.
You hear some strange, mumbled words.
Something tries to affect you, but you resist.
You barely miss something.
You feel sick. Something hits you.
* * * LOW HITPOINT WARNING * * *
You hit something.
You feel sick. Something hits you but does no damage.
You are lethally poisoned!
You closely miss something.
* * * LOW HITPOINT WARNING * * *
You feel very sick. Something hits you but does no damage.
You are more poisoned.
You closely miss something.
* * * LOW HITPOINT WARNING * * *
You feel very sick. Something hits you but does no damage.
You are more poisoned.
You hit something.
You die...

###.#.# #.#.#
#)#.#####.#.#
#)#.#<....#.#
#.#.#.....#.#
###)..........#
.......########.#
................#
.......#############.#
.....>..........@{oo.#
#.....################
#.....# #.....#
#.....# #.....#
#######


You could see 2 orcs.

Vanquished Creatures
  An orc warrior (D:6)
  An ice beast (D:6)
  A centaur (D:6)
  An ogre (D:5)
  A phantom (D:4)
  2 bullfrogs (D:6)
  A scorpion (D:4)
  A howler monkey (D:5)
  2 hounds
  A jelly (D:4)
  A gnoll bouda (D:4)
  3 iguanas
  Terence (D:2)
  Natasha (thrice) (D:3)
  2 orc wizards
  3 adders
  8 gnolls
  A shadow imp (D:5)
  An ufetubus (D:4)
  A worm (D:2)
  6 dart slugs
  12 orcs
  4 ball pythons
  8 endoplasms
  6 giant cockroaches
  9 goblins
  8 hobgoblins
  3 jackals (D:1)
  9 kobolds
  3 quokkas
  2 bats
  4 frilled lizards
  3 rats
113 creatures vanquished.

Notes
Turn   | Place    | Note
-------+----------+-------------------------------------------
     0 | D:1      | randomguy2701 the Hill Orc Fighter began the quest for the
                  | Orb.
     0 | D:1      | Reached XP level 1. HP: 19/19 MP: 1/1
    35 | D:1      | Reached XP level 2. HP: 27/27 MP: 2/2
   108 | D:1      | Reached skill level 3 in Axes
   185 | D:1      | Reached XP level 3. HP: 33/33 MP: 3/3
   512 | D:1      | Found a faded altar of an unknown god.
  1014 | D:2      | Noticed Terence
  1027 | D:2      | Killed Terence
  1028 | D:2      | Reached skill level 1 in Dodging
  1028 | D:2      | Reached XP level 4. HP: 18/41 MP: 4/4
  1484 | D:2      | Found a glowing golden altar of the Shining One.
  1755 | D:3      | Found a bloodstained altar of Trog.
  1774 | D:3      | Found a white marble altar of Elyvilon.
  1781 | D:3      | Reached skill level 4 in Axes
  1781 | D:3      | Reached XP level 5. HP: 47/47 MP: 5/5
  1822 | D:3      | Found a shadowy altar of Dithmenos.
  1964 | D:3      | Noticed Natasha
  1981 | D:3      | Killed Natasha
  2058 | D:3      | Noticed Natasha
  2073 | D:3      | Killed Natasha
  2357 | D:3      | Noticed Natasha
  2370 | D:3      | Killed Natasha
  2639 | D:4      | Reached skill level 5 in Axes
  2677 | D:4      | Reached XP level 6. HP: 45/53 MP: 6/6
  3053 | D:4      | Reached skill level 6 in Axes
  3464 | D:5      | Entered Level 5 of the Dungeon
  3474 | D:5      | Reached XP level 7. HP: 60/60 MP: 7/7
  3493 | D:4      | Reached skill level 5 in Fighting
  3918 | D:5      | Reached skill level 7 in Axes
  4101 | D:5      | Reached skill level 5 in Shields
  4661 | D:6      | Found Xantozat's Assorted Antiques.
  4672 | D:6      | Reached skill level 5 in Armour
  4745 | D:6      | Reached XP level 8. HP: 61/69 MP: 8/8
  4873 | D:6      | Reached skill level 8 in Axes
  5019 | D:6      | Found a staircase to the Ecumenical Temple.
  5198 | D:6      | HP: 2/70 [poisoned by an orc wizard]
  5199 | D:6      | Succumbed to an orc wizard's poison

Illustrated notes

Levels and vault maps discovered:
D:1:      amcnicky_arrival_choice, layout_rooms,
          hellmonk_ecumenical_altar_zigzags
D:2:      layout_basic, basic_altar, uniq_terence
D:3:      layout_basic, grunt_dithmenos_smoke,
          mainiacjoe_overflow_large_starburst, uniq_natasha
D:4:      layout_gridville, kennysheep_generic_room_4
D:5:      layout_cave_pods
D:6:      layout_basic, temple_doors_e, serial_shops,
          nicolae_shop_overgrown_old_shop

Skill      XL: |  1  2  3  4  5  6  7  8 |
---------------+-------------------------+-----
Axes           | 3 4 5 6 7 8 |  8.6
Fighting       | 4 5 |  5.7
Dodging        | 1 2 |  2.1
Armour         | 4 5 |  5.6
Shields        | 4 5 |  5.5
Stealth        | |  0.5

Action                     |  1- 3 |  4- 6 |  7- 9 || total
---------------------------+-------+-------+-------++-------
  Melee: War axe           |    83 |   128 |   154 ||   365
    Use: Scroll            |       |       |     6 ||     6
 Armour: Scale mail        |    50 |    82 |   121 ||   253
  Dodge: Dodged            |    42 |    35 |    54 ||   131
  Block: Buckler           |    20 |    60 |    76 ||   156
         Reflection        |       |       |     2 ||     2

Table legend: (Time is in decaauts)
 A = Elapsed time spent in this place.
 B = Non-inter-level travel time spent in this place.
 C = Inter-level travel time spent in this place.
 D = Time resting spent in this place.
 E = Time spent auto-exploring this place.
 F = Levels seen in this place.
 G = Mean time per level.
                   A        B        C        D        E       F      G
               +--------+--------+--------+--------+--------+-----+--------+
         Total |   5314 |   5212 |    102 |    200 |   4181 |   6 |  885.7 |
       Dungeon |   5314 |   5212 |    102 |    200 |   4181 |   6 |  885.7 |
               +--------+--------+--------+--------+--------+-----+--------+

Top non-repeatable levels by time:
     D:2: 1202 daAuts
     D:5: 1116 daAuts
     D:4: 970 daAuts
     D:3: 890 daAuts
     D:1: 583 daAuts
     D:6: 550 daAuts
